woodfighter, lawful female human Monk --------- ------- ----- ------ --.......| .%.f@.| |...-#######################`|....| #.........| |%%%(C| |...| #|....| ###|`.......| |...%)| |...| #|..(.| #############.........| ......| |...|#######----------- #+....| ------ ### |.......-- ---.--- |..>| #-.........| ###|....| #-.....# # ----.---- # |....#######|.........| # #--.-.- ###|....|################ ### ----- #|...`......#### ###########|.[..| # # # #----------- ####### |...%.## ### ### `############## -.-.-# ------ # # # |...|# ####### ### |.<.|# + + # |.%.|# ##.....# |...| ----- woodfighter the Initiate Experience level: 7 Strength: 17 Dexterity: 18 Constitution: 11 Intelligence: 9 Wisdom: 11 Charisma: 11 Health: 0(44) Energy: 39(39) Def: 6 Gold: 2126 Moves: 2201 Dungeon seed: ozxTkg3el7yrRw6Z Game ID: woodfighter_1533553351 Your Inventory: Coins $ - 2126 gold pieces Armor e - an uncursed +2 pair of leather gloves (being worn) n - an uncursed +1 robe (being worn) G - an uncursed +0 mummy wrapping T - an uncursed +0 orcish helm Y - an uncursed +0 orcish helm Comestibles d - 7 uncursed food rations f - 7 uncursed apples g - 6 uncursed oranges h - 3 uncursed fortune cookies E - 2 uncursed tripe rations H - 2 uncursed lembas wafers K - 2 uncursed eucalyptus leaves Z - an uncursed lizard corpse Scrolls b - an uncursed scroll of genocide k - 2 uncursed scrolls of identify l - an uncursed scroll of enchant weapon m - 2 uncursed scrolls of teleportation s - 2 uncursed scrolls of scare monster w - a blessed scroll of identify I - a cursed scroll of charging J - an uncursed scroll of enchant armor N - an uncursed scroll of identify V - an uncursed scroll of scare monster Spellbooks a - a blessed spellbook of sleep Potions c - 5 uncursed potions of healing t - an uncursed potion of invisibility z - a blessed potion of enlightenment C - a blessed potion of see invisible Q - an uncursed potion of levitation X - an uncursed potion of confusion Rings u - an uncursed +3 ring of stealth R - an uncursed ring of shock resistance Wands i - a wand of enlightenment (0:3) o - a wand of lightning (0:5) r - a wand of undead turning (0:4) D - a wand of enlightenment (0:15) Tools j - a magic marker (0:46) q - a bag of tricks (0:19) y - an uncursed lock pick O - an uncursed blindfold P - a horn of plenty (0:13) Spells and supernatural/magical abilities: Name Level Category Fail Memory z - sleep 2 enchantment 88% 89% W - pray for help -- divine ? -- Your skills at the end: Miscellaneous Skills martial arts [Skilled] wands [Basic] Weapon Skills Spellcasting Skills healing spells [Basic] Final Attributes: You were fervently aligned. You were sleep resistant. You were poison resistant. You saw invisible. You were warned. You were somewhat stealthy. You were fast. You are dead. Vanquished creatures: a large mimic a tengu a leprechaun a quivering blob a lizard 5 gnome kings a yeti a blue jelly 11 bugbears a Mordor orc an orc shaman a fog cloud 2 gnomish wizards a kobold mummy a floating eye 3 rothes a centipede a jitterbug a werejackal 5 killer bees a coyote an acid blob 3 large kobolds 11 hobgoblins a cave spider 2 yellow molds 4 gnomes 4 manes a gnome zombie 8 jackals 9 newts 5 goblins 2 sewer rats 4 grid bugs 5 lichens 3 kobold zombies 105 creatures vanquished. Voluntary challenges: You followed a strict vegan diet. You did not adorn yourself with jewelry or accessories. You did not cause conflict. You were not invisible. You did not have reflection. You were not displaced. You had been an atheist until turn 2190. You never hit with a wielded weapon. You did not apply a unicorn horn. You did not use plumbed fixtures. You did not drink any magical draughts. You were illiterate. You never genocided any monsters. You never polymorphed an object. You never changed form. You used no wishes. You never split a pudding. You never wrote Elbereth's name. You never violated your personal moral code. Dungeon overview: The Dungeons of Doom: levels 1 to 9 Level 1 a sink a long staircase Level 2 some fountains Level 3 a fountain Level 4 a general store, a sink stairs to The Gnomish Mines Level 5 a fountain Level 6 a general store, a fountain Level 7 (throne + box) some fountains, a throne Level 8 (box) <- You were here a throne Level 9 The Gnomish Mines: Level 5 stairs to The Dungeons of Doom History has recorded: On T:1 you entered the Dungeons of Doom to retrieve the Amulet of Yendor! On T:123 you reached level 2 of The Dungeons of Doom. On T:252 you reached level 3 of The Dungeons of Doom. On T:418 you advanced to experience level 2. On T:586 you reached level 4 of The Dungeons of Doom. On T:735 you advanced to experience level 3. On T:796 you advanced to experience level 4. On T:832 you reached level 5 of The Dungeons of Doom. On T:960 you reached level 1 of The Gnomish Mines. On T:1246 you reached level 6 of The Dungeons of Doom. On T:1407 you advanced to experience level 5. On T:1444 you reached level 7 of The Dungeons of Doom. On T:1552 you advanced to experience level 6. On T:1744 you advanced to experience level 7. On T:1806 you reached level 8 of The Dungeons of Doom. On T:2044 you reached level 9 of The Dungeons of Doom. On T:2190 you prayed to Shan Lai Ching. Score breakdown: Gold: 2126 ( 212 points) Experience: 7 levels ( 600 points) Exploration: 9 levels ( 240 points) Discoveries: 19 items ( 950 points) Variety of kills: 36 monsters ( 1800 points) Major goal: (nothing yet) ( 0 points) Survival: died (score multiplied by 3) Total score: 11406 Latest messages: The gnome king wields a dagger! The daggers weld themselves to the gnome king's hand! There are a few objects here. Kitty bites the gnome king. You kill the hobgoblin! Kitty misses the gnome king. The gnome king picks up a thonged club named Club of Serenity. There is an opulent throne here. There are a few objects here. You strike the gnome king! Kitty bites the gnome king. The gnome king is killed! Kitty misses the hobgoblin. (2x) The hobgoblin staggers from your powerful strike! You kill the hobgoblin! There are a few objects here. The mountain centaur punches you! The mountain centaur kicks! The mountain centaur just misses! You strike the mountain centaur! The mountain centaur punches you! The mountain centaur kicks! (2x) You strike the mountain centaur! The mountain centaur punches you! The mountain centaur kicks! (2x) You die... Final status: Goodbye woodfighter the Monk, killed by a mountain centaur... You died in The Dungeons of Doom on dungeon level 8 with 11406 points, and 2126 pieces of gold, after 2201 moves. You were level 7 with a maximum of 44 hit points when you died.